AoeStats
← Hector

African Clearing

510300170Analyzed
4v4 RM · 1d ago on Sep 30, 2026· 47m 50s· 8 players
Game mode
Random Map
Map size
Large (8 player)
Population
200
Speed
Normal
Resources
Standard
Victory
Conquest
Starting age
Dark Age
Ending age
Imperial Age
RankedLock teamsTeams togetherTeam positionsShared explorationLock speedFull tech treeHidden civsTurbo modeCheats
Victory
Defeat
🇩🇰 Bohemians · Denmark
1465
+14
🇦🇺 Japanese · Australia
1432
+15
🇨🇳 Romans · China
1391
+17
🇹🇼 Varangians · Taiwan
1385
+17
🇦🇹 Varangians · Austria
1471
-19
🇨🇿 Maya · Czechia
1469
-18
🇦🇺 Mongols · Australia
1358
-13
🇦🇺 Huns · Australia
1338
-13
FF熊熊
8:31 Loom
14:46 Feudal Age
15:06 Fishing Lines
15:23 Double-Bit Axe
17:25 Town Watch
20:24 Castle Age
18:45 Gold Mining
19:43 Scale Barding Armor
20:41 Forging
22:57 Horse Collar
26:04 Fletching
26:34 Gillnets
27:33 Stone Mining
28:33 Bodkin Arrow
29:40 Ballistics
33:29 Imperial Age
33:47 Wheelbarrow
33:32 Cavalier
34:12 Husbandry
35:28 Bow Saw
35:56 Hand Cart
37:09 Hand Cart
40:06 Squires
40:29 Scale Mail Armor
40:12 Pikeman
42:28 Chain Mail Armor
42:48 Iron Casting
43:35 Conscription
46:55 Bloodlines
46:06 Light Cavalry
47:08 Chain Barding Armor
Adams1491
6:20 Loom
12:18 Feudal Age
17:00 Wheelbarrow
23:26 Castle Age
21:26 Double-Bit Axe
30:57 Fishing Lines
32:31 Bloodlines
36:21 Town Watch
39:55 Scale Barding Armor
40:00 Forging
43:51 Imperial Age
40:50 Vendel Legacy
43:15 Chain Barding Armor
44:20 Iron Casting
44:36 Elite Jarl
45:51 Gillnets
47:36 Conscription
49:01 Plate Barding Armor
49:26 Blast Furnace
Lightning
6:28 Loom
12:11 Feudal Age
16:06 Castle Age
15:32 Double-Bit Axe
28:36 Horse Collar
32:29 Wheelbarrow
33:49 Fletching
37:12 Imperial Age
36:18 Bloodlines
36:10 Husbandry
36:50 Gold Mining
37:06 Fishing Lines
37:37 Bodkin Arrow
38:37 Parthian Tactics
39:34 Heavy Cavalry Archer
40:54 Conscription
40:42 Bracer
41:58 Thumb Ring
42:24 Ballistics
43:04 Chemistry
42:08 Padded Archer Armor
43:21 Leather Archer Armor
45:02 Scale Mail Armor
45:35 Ring Archer Armor
44:27 Elite Samurai
46:57 Forging
46:50 Squires
46:35 Arson
46:52 Scale Mail Armor
48:41 Chain Mail Armor
49:02 Iron Casting
Lord Longshaft
13:54 Feudal Age
14:28 Double-Bit Axe
17:59 Castle Age
17:45 Horse Collar
19:25 Bow Saw
19:32 Loom
19:35 Town Watch
21:42 Fervor
26:35 Wheelbarrow
26:03 Fletching
27:56 Squires
29:01 Pikeman
31:55 Hand Cart
32:05 Sanctity
33:21 Chemistry
34:55 Imperial Age
32:50 Heavy Plow
33:03 Bow Saw
34:28 Bodkin Arrow
34:57 Ballistics
36:15 Conscription
36:46 Coinage
37:02 Siege Engineers
37:23 Wagenburg Tactics
36:46 Elite Hussite Wagon
37:50 Masonry
39:31 Two-Man Saw
39:37 Banking
44:47 Architecture
46:33 Houfnice
fall
5:10 Loom
14:18 Feudal Age
14:53 Double-Bit Axe
14:56 Town Watch
16:40 Horse Collar
20:20 Wheelbarrow
20:18 Fletching
21:10 Padded Archer Armor
25:47 Castle Age
24:02 Gold Mining
25:53 Crossbowman
26:29 Bodkin Arrow
27:43 Leather Archer Armor
27:39 Bow Saw
27:29 Heavy Plow
33:01 Bow Saw
35:58 Imperial Age
33:54 Stone Mining
35:30 Ballistics
36:07 Arbalester
37:51 Bracer
38:19 Capped Ram
42:04 Ring Archer Armor
45:44 Two-Man Saw
45:15 Crop Rotation
45:21 Stone Shaft Mining
47:02 Thumb Ring
Banana
4:17 Loom
13:27 Feudal Age
17:21 Castle Age
18:34 Double-Bit Axe
19:26 Fletching
22:56 Bodkin Arrow
30:14 Padded Archer Armor
40:32 Imperial Age
40:14 Ballistics
40:05 Masonry
42:08 Wheelbarrow
42:00 Bow Saw
42:36 Conscription
43:08 Bracer
44:19 Hand Cart
46:36 Chemistry
45:54 Leather Archer Armor
46:50 Elite Mangudai
48:14 Husbandry
48:24 Bloodlines
Apple
4:52 Loom
14:09 Feudal Age
19:11 Bloodlines
21:34 Castle Age
21:40 Forging
21:36 Scale Barding Armor
26:47 Wheelbarrow
30:42 Horse Collar
36:39 Imperial Age
35:57 Chain Barding Armor
36:12 Iron Casting
37:20 Elite Tarkan
38:59 Iron Casting
39:32 Plate Barding Armor
45:36 Blast Furnace
44:41 Fletching
48:11 Husbandry
Hector
9:40 Loom
12:44 Feudal Age
20:16 Double-Bit Axe
20:12 Horse Collar
25:44 Castle Age
24:42 Scale Barding Armor
26:45 Bow Saw
26:35 Heavy Plow
37:01 Wheelbarrow
37:19 Stone Mining
37:31 Fletching
38:10 Bodkin Arrow
38:40 Bloodlines
38:32 Husbandry
38:58 Chain Barding Armor
39:07 Husbandry
39:17 Forging
39:33 Gold Mining
41:21 Iron Casting
42:31 Hand Cart
Connection lost

Rejoining the realm…

Still unreachable

The connection could not be restored.

Session expired

The server has moved on; the page needs a fresh start.